 Dungeon Crawl Stone Soup version 0.19.1-1-g22dce08 (console) character file.

141 Grinner the Charlatan (level 5, -5/29 HPs)
             Began as a Kobold Artificer on Jan 20, 2017.
             Killed themself with a badly aimed iceblast (8 damage)
             ... on level 3 of the Dungeon.
             The game lasted 00:04:30 (1595 turns).

Grinner the Charlatan (Kobold Artificer)            Turns: 1595, Time: 00:04:33

Health: -5/29      AC:  5    Str: 10    XL:     5   Next: 48%
Magic:  8/8        EV: 15    Int: 12    God:
Gold:   56         SH:  0    Dex: 16    Spells: 0 memorised, 4 levels left

rFire  . . .     SeeInvis .     a - +0 short sword
rCold  . . .     Gourm    .     b - +0 leather armour
rNeg   . . .     Faith    .     (shield restricted)
rPois  .         Spirit   .     p - +0 helmet
rElec  .         Reflect  .     (no cloak)
rCorr  .         Harm     .     j - +0 pair of gloves
MR     .....                    (no boots)
Stlth  ++........               (no amulet)
                                (no ring)
                                (no ring)

@: slowed, very slow
A: carnivore 3
a: no special abilities


You were on level 3 of the Dungeon.
You were not hungry.

You visited 1 branch of the dungeon, and saw 3 of its levels.

You collected 56 gold pieces.

Inventory:

Hand Weapons
 a - a +0 short sword (weapon)
Armour
 b - a +0 leather armour (worn)
 j - a +0 pair of gloves (worn)
 p - a +0 helmet (worn)
Wands
 c - a wand of flame (0/48)
 d - a wand of enslavement (15/24)
 e - a wand of random effects (3/48)
Scrolls
 g - 6 scrolls of remove curse {unknown}
 i - 2 scrolls of identify {unknown}
 l - a scroll of blinking {unknown}
 o - a scroll of fear {unknown}
Potions
 h - a potion of haste {unknown}
 k - a potion of agility {unknown}
 n - a potion of curing {unknown}
Books
 q - a book of Changes

   Spells                             Type                      Level
   a - Beastly Appendage              Transmutation                1
   b - Sticks to Snakes               Transmutation                2
   c - Spider Form                    Transmutation/Poison         3
   d - Ice Form                       Ice/Transmutation            4
   e - Blade Hands                    Transmutation                5
Comestibles
 f - 2 meat rations
 m - a beef jerky


   Skills:
 - Level 1.2 Fighting
 * Level 4.2 Short Blades
 + Level 3.2 Dodging
 + Level 2.6 Stealth
 + Level 4.8 Evocations


You had 4 spell levels left.
You didn't know any spells.

Dungeon Overview and Level Annotations

Branches:
Dungeon (3/15)

Altars:


Innate Abilities, Weirdness & Mutations

You are small and have problems with some larger weapons.
You are carnivorous and can eat meat at any time.


Message History

* * * LOW HITPOINT WARNING * * *
Evoke which item? (* to show all) (? for menu, Esc to quit)
Zapping:
e - a wand of random effects (4/48)
Press: ? - help, Shift-Dir - straight line, f/p - Natasha
Aim: Natasha (almost dead, fast) Nothing appears to happen.
This wand has 3 charges left.
Natasha mumbles some strange words.
Natasha closely misses you.
Evoke which item? (* to show all) (? for menu, Esc to quit)
Zapping:
e - a wand of random effects (3/48)
Press: ? - help, Shift-Dir - straight line, f/p - Natasha
Aim: Natasha (almost dead, fast)
The mass of ice explodes!
The iceblast engulfs Natasha.
You kill Natasha!
Natasha screams in pain as she dies!
The crimson imp disappears in a puff of smoke!
The shadow imp disappears in a puff of smoke!
Your Short Blades skill increases to level 4!
The iceblast engulfs you!
You die...

#. #.# #. #.#
#. #.# #.#####
#.#
#.....###.#
#?....'.#.####
###....#.#§#..
#......#.#@#.#
#.####.#.#)#.#
#.#.<#.#..§..#
#....#.#.#####
##..........
#.###.#.#.#
#.#...#.#.#
#.#.# #.. .
#.#. ... ..


There were no monsters in sight!

Vanquished Creatures
  Natasha (twice) (D:3)
  6 adders (D:2)
  A worm (D:2)
  2 dart slugs (D:2)
  2 giant cockroaches (D:2)
  8 hobgoblins
  7 bats
  A frilled lizard (D:1)
  2 goblins
  4 kobolds
  3 rats (D:2)
38 creatures vanquished.

Vanquished Creatures (others)
  Terence (D:3)
1 creature vanquished.

Grand Total: 39 creatures vanquished

Notes
Turn   | Place    | Note
-------+----------+-------------------------------------------
     0 | D:1      | Grinner the Kobold Artificer began the quest for the Orb.
     0 | D:1      | Reached XP level 1. HP: 12/12 MP: 3/3
   208 | D:1      | Reached XP level 2. HP: 12/16 MP: 5/5
   745 | D:2      | Reached XP level 3. HP: 16/20 MP: 6/6
  1000 | D:2      | Reached XP level 4. HP: 21/25 MP: 7/7
  1511 | D:2      | Noticed a hell hound
  1511 | D:2      | a worm changed into a hell hound
  1532 | D:3      | Noticed Terence
  1562 | D:3      | Noticed Natasha
  1574 | D:3      | Your ally died
  1574 | D:3      | Reached XP level 5. HP: 6/29 MP: 8/8
  1575 | D:3      | Killed Natasha
  1588 | D:3      | Noticed Natasha
  1595 | D:3      | Killed Natasha
  1595 | D:3      | Killed themself with a badly aimed iceblast

Skill      XL: |  1  2  3  4  5 |
---------------+----------------+-----
Evocations     | 4 |  4.8
Short Blades   | 2 3 4 |  4.2
Stealth        | 2 |  2.6
Dodging        | 3 |  3.2
Fighting       | |  1.2

Action                   |  1- 3 |  4- 6 || total
-------------------------+-------+-------++-------
Melee: Short sword       |    91 |    87 ||   178
Evoke: Wand              |     4 |    23 ||    27
  Use: Potion            |       |     1 ||     1
 Stab: Sleeping          |     1 |     3 ||     4
  Eat: Chunk             |     2 |     2 ||     4
Armor: Leather armour    |    16 |    21 ||    37
Dodge: Dodged            |    79 |    65 ||   144
